 Dungeon Crawl Stone Soup version 0.18.1-5-g4a78601 (webtiles) character file.

50 varam the Ruffian (level 3, 31/35 HPs)
             Began as a Troll Transmuter on May 9, 2016.
             Quit the game on level 2 of the Dungeon.
             The game lasted 00:02:26 (687 turns).

varam the Ruffian (Troll Transmuter)                 Turns: 687, Time: 00:02:26

Health: 31/35      AC:  5    Str: 18    XL:     3   Next: 55%
Magic:  3/3        EV:  9    Int: 10    God:
Gold:   58         SH:  0    Dex: 10    Spells: 1 memorised, 3 levels left

rFire  . . .     SeeInvis .       - Unarmed
rCold  . . .     Gourm    +     b - +0 robe
rNeg   . . .     Faith    .     (no shield)
rPois  .         Spirit   .     (helmet restricted)
rElec  .         Dismiss  .     (no cloak)
rCorr  .         Reflect  .     (gloves unavailable)
SustAt .         Harm     .     (boots unavailable)
MR     .....                    (no amulet)
Stlth  +.........               (no ring)
                                (no ring)

@: very slightly contaminated, not resistant to hostile enchantments, very
unstealthy
A: unfitting armour, claws 3, fast metabolism 3, gourmand, regeneration 2,
shaggy fur 1, tough skin 2
a: no special abilities


You were on level 2 of the Dungeon.
You were not hungry.

You visited 1 branch of the dungeon, and saw 2 of its levels.

You collected 58 gold pieces.

Inventory:

Missiles
 a - 26 arrows
 l - 14 stones (quivered)
Armour
 b - a +0 robe (worn)
Jewellery
 k - an uncursed amulet of harm {unknown}
Scrolls
 e - 3 scrolls of teleportation {unknown}
 g - 5 scrolls of identify {unknown}
 h - 3 scrolls of remove curse {unknown}
 i - a scroll of fog {unknown}
Potions
 j - 2 potions of curing {unknown}
 o - a potion of brilliance {unknown}
Books
 c - a book of Changes

   Spells                             Type                      Level
   a - Beastly Appendage              Transmutation                1
   b - Sticks to Snakes               Transmutation                2
   c - Spider Form                    Transmutation/Poison         3
   d - Ice Form                       Ice/Transmutation            4
   e - Blade Hands                    Transmutation                5
Comestibles
 d - 3 bread rations
 f - 2 meat rations
 m - 2 chunks of flesh
 n - a slice of pizza


   Skills:
 + Level 1.8 Fighting
 - Level 1.5 Dodging
 * Level 4.0 Unarmed Combat
 - Level 1.2 Spellcasting
 - Level 1.3 Transmutations


You had 3 spell levels left.
You knew the following spells:

 Your Spells              Type           Power        Failure   Level  Hunger
a - Beastly Appendage     Trmt           #.....       21%         1    ##.....


Dungeon Overview and Level Annotations

Branches:
Dungeon (2/15)

Altars:
Dithmenos


Innate Abilities, Weirdness & Mutations

You are too large for most types of armour.
You have claws for hands.
Your metabolism is lightning-fast.
You like to eat raw meat.
You heal very quickly.
You are covered in fur (AC +1).
You have very tough skin (AC +2).


Message History

You claw the worm!
You kill the worm!
The hobgoblin hits you but does no damage.
You completely miss the hobgoblin. The hobgoblin closely misses you.
You closely miss the hobgoblin. The hobgoblin hits you with a club.
You barely miss the hobgoblin. The hobgoblin barely misses you.
You claw the hobgoblin!
You kill the hobgoblin!
No target in view!
You see here a worm corpse.
You butcher the worm corpse.
m - a chunk of flesh
Things that are here:
a club; a hobgoblin corpse You butcher the hobgoblin corpse.
m - 2 chunks of flesh (gained 1)
You see here a club.
There isn't anything to butcher here.
You now have 58 gold pieces (gained 9).
Are you sure you want to abandon this character and quit the game? (Confirm with "yes".)

.. .. .# .#
#.# ####.##
##.....#
##+##...@..#
#..........#
......<....#
#..........#
#........).#
#..##.##...#
#..#8.8#...#
#..........#
####8.8#####


There were no monsters in sight!

Vanquished Creatures
  Jessica (D:2)
  A worm (D:2)
  2 dart slugs (D:1)
  A giant cockroach (D:1)
  2 goblins (D:1)
  A hobgoblin (D:2)
  4 kobolds
  A ball python (D:2)
  3 bats
  A giant newt (D:2)
  2 rats
19 creatures vanquished.

Notes
Turn   | Place    | Note
--------------------------------------------------------------
     0 | D:1      | varam the Troll Transmuter began the quest for the Orb.
     0 | D:1      | Reached XP level 1. HP: 18/18 MP: 1/1
   120 | D:1      | Reached skill level 1 in Fighting
   156 | D:1      | Reached XP level 2. HP: 26/27 MP: 0/2
   616 | D:2      | Found a shadowy altar of Dithmenos.
   629 | D:2      | Noticed Jessica
   634 | D:2      | Killed Jessica
   634 | D:2      | Reached skill level 4 in Unarmed Combat
   634 | D:2      | Reached XP level 3. HP: 35/35 MP: 1/3
   687 | D:2      | Quit the game

Skill      XL: |  1  2 |
---------------+-------+-----
Fighting       | 1 |  1.8
Unarmed Combat | 4 |  4.0
Dodging        | |  1.5
Spellcasting   | |  1.2
Transmutations | |  1.3

Action                   || total
-------------------------++-------
Melee: Unarmed           ||    61
       Headbutt          ||     3
       Kick              ||     3
       Punch             ||     1
 Cast: Beastly Appendage ||    12
  Eat: Chunk             ||     5
Armor: Robe              ||    29
Dodge: Dodged            ||    31
